 Dungeon Crawl Stone Soup version 0.28.0 (webtiles) character file.

Game seed: 381192034217004527

42 issech the Cudgeller (level 3, -2/36 HPs)
             Began as a Troll Monk on Feb 6, 2022.
             Succumbed to a scorpion's poison
             ... on level 2 of the Dungeon.
             The game lasted 00:04:19 (1270 turns).

issech the Cudgeller (Troll Monk)                   Turns: 1270, Time: 00:04:20

Health: -2/36      AC:  4    Str: 19    XL:     3   Next: 33%
Magic:  2/2        EV: 10    Int:  6    God:
Gold:   105        SH:  0    Dex: 14    Spells: 2/2 levels left

rFire   . . .      SeeInvis .   a - +0 mace
rCold   . . .      Faith    .   (no shield)
rNeg    . . .      Spirit   .   b - +0 robe
rPois   .          Reflect  .   (helmet restricted)
rElec   .          Harm     .   (no cloak)
rCorr   .          Rampage  .   (gloves unavailable)
Will    .....                   (boots unavailable)
Stlth   ++........              (no amulet)
HPRegen 0.92/turn               (no ring)
MPRegen 0.08/turn               (no ring)

@: lethally poisoned (-2 -> -18)
A: large, unfitting armour, claws 3, regeneration 1, shaggy fur 1, tough skin 1
a: no special abilities


You were on level 2 of the Dungeon.
You visited 1 branch of the dungeon, and saw 2 of its levels.

You collected 105 gold pieces.

Inventory:

Hand Weapons
 a - a +0 mace (weapon)
Missiles
 d - 23 stones (quivered)
Armour
 b - a +0 robe (worn)
 g - a +0 cloak
Scrolls
 c - 2 scrolls of magic mapping {unknown}
 e - a scroll of silence {unknown}
 f - a scroll of identify {unknown}
 i - a scroll of amnesia {unknown}
 j - a scroll of brand weapon {unknown}
 l - a scroll of teleportation {unknown}
Potions
 h - a potion of cancellation {unknown}
 k - a potion of might {unknown}


   Skills:
 + Level 2.7 Fighting
 + Level 3.3 Maces & Flails
 + Level 2.8 Dodging
 + Level 1.1 Stealth


You had 2 spell levels left.
You didn't know any spells.
Your spell library contained the following spells:

 Spells                   Type           Power      Damage    Failure   Level
 Freeze                   Ice            0%         1d3       45%         1
 Frozen Ramparts          Ice            0%         1d2       83%         3
 Gell's Gravitas          Tloc           0%         N/A       83%         3
 Lesser Beckoning         Tloc           0%         N/A       83%         3
 Teleport Other           Tloc           0%         N/A       83%         3
 Hailstorm                Conj/Ice       0%         3d3       99%         4


Dungeon Overview and Level Annotations

Branches:
Dungeon (2/15)

Altars:
Okawaru


Innate Abilities, Weirdness & Mutations

You are too large for most types of armour.
You have claws for hands.
Your natural rate of healing is unusually fast.
You are covered in fur. (AC +1)
You have tough skin. (AC +1)


Message History

Moving in this stuff is going to be slow.
You enter the shallow water.
Moving in this stuff is going to be slow.
You enter the shallow water.
Moving in this stuff is going to be slow.
Found 7 gold pieces.
The scorpion stings you. The scorpion stings you.
You are poisoned.
The scorpion poisons you!
You hit the scorpion.
The scorpion is moderately wounded.
You feel very sick. The scorpion barely misses you. The scorpion stings you.
You feel sick.
You feel sick.
You feel sick.
You feel sick.
You feel sick.
You feel sick.
You are no longer poisoned.
The scorpion stings you but does no damage.
The scorpion stings you. The scorpion stings you!
You are poisoned.
The scorpion poisons you!
You feel very sick.
You hit the scorpion.
The scorpion is heavily wounded.
You feel very sick. The scorpion stings you.
You are more poisoned.
The scorpion poisons you!
You feel very sick.
You feel very sick. The scorpion stings you!
* * * LOW HITPOINT WARNING * * *
You are more poisoned.
The scorpion poisons you!
You die...

.#.#..##.#..#..#.#.#.#.##......#
.#...#...#.###.....#.#.##.._...#
.......#### #........#.........#
######...#...###.########......#
##.#.## #.# ###.##.# ... #.#
#....# .## #s# ####.# .# #.# #.#
#@# #.# #.# ##.## ... ##.#.#
..#.. #.###. ##. .## ##.#.# ##
## ##.## ##.# #.# ...# #.# #..#
#.#


You could see a scorpion.

Vanquished Creatures
  A dart slug (D:1)
  2 ball pythons
  4 endoplasms
  2 giant cockroaches (D:1)
  7 goblins
  5 hobgoblins
  2 jackals (D:1)
  3 kobolds
  5 bats
  A frilled lizard (D:1)
  2 rats (D:1)
34 creatures vanquished.

Vanquished Creatures (others)
  3 plants (D:2)
3 creatures vanquished.

Grand Total: 37 creatures vanquished

Notes
Turn   | Place    | Note
-------+----------+-------------------------------------------
     0 | D:1      | issech the Troll Monk began the quest for the Orb.
     0 | D:1      | Reached XP level 1. HP: 22/22 MP: 0/0
   158 | D:1      | Reached XP level 2. HP: 29/29 MP: 1/1
   168 | D:1      | Reached skill level 3 in Maces & Flails
   303 | D:1      | Noticed a golden eye
   305 | D:1      | Found a faded altar of an unknown god.
   310 | D:1      | Noticed a floating eye
   311 | D:1      | Noticed a shining eye
   311 | D:1      | Noticed a floating eye
   626 | D:1      | Reached XP level 3. HP: 27/36 MP: 2/2
  1185 | D:2      | Found an iron altar of Okawaru.
  1231 | D:2      | Noticed a scorpion
  1270 | D:2      | Succumbed to a scorpion's poison

Illustrated notes

Levels and vault maps discovered:
D:1:      dpeg_arrival_arbitrary_c, layout_loops_ring,
          hellmonk_ecumenical_altar_watching_god,
          hangedman_abyss_or_decor_stabs, minmay_octomino_e4
D:2:      layout_loops_ring, basic_altar, minivault_25, guppyfry_early_lair_pool

Skill      XL: |  1  2 |
---------------+-------+-----
Maces & Flails | 3 |  3.3
Fighting       | |  2.7
Dodging        | |  2.8
Stealth        | |  1.1

Action                   || total
-------------------------++-------
Melee: Mace              ||   112
       Punch             ||     1
 Stab: Sleeping          ||     2
Armor: Robe              ||    59
Dodge: Dodged            ||    93
